 Dungeon Crawl Stone Soup version 0.30.1-3-gfc49f6343a (webtiles) character file.

Game seed: 4952758180609718229

14590 McKennaii the Protected (level 11, -14/151 HPs)
             Began as a Demigod Fighter on July 28, 2023.
             Killed from afar by a green death (15 damage)
             ... with a poison arrow
             ... on level 2 of the Abyss.
             The game lasted 00:23:27 (12528 turns).

McKennaii the Protected (Demigod Fighter)          Turns: 12528, Time: 00:23:28

Health: -14/151    AC: 30    Str: 25      XL:     11   Next: 60%
Magic:  14/14      EV:  7    Int:  6      God:
Gold:   795        SH:  0    Dex: 11 (13) Spells: 10/10 levels left

rFire   . . .        y - +3 scythe (protect)
rCold   . . .        (shield currently unavailable)
rNeg    . . .        D - +0 plate armour
rPois   .            r - +0 helmet
rElec   .            (no cloak)
rCorr   .            e - +0 pair of gloves
SInv    .            u - +0 pair of boots
Will    +....        x - amulet of magic regeneration Stlth
                     G - +4 ring of protection
HPRegen 0.45/turn    B - ring of flight
MPRegen 0.54/turn

%: random rage (9%)
@: berserking, lethally poisoned (-14 -> -49), about to teleport, under a
protective aura, flying, unable to drink, very quick
A: high MP 1, forlorn, divine attributes, [berserk 2], [deterioration 2], [dopey
2], [screaming 2], [weak 2], [inability to drink after injury 2]
a: no special abilities


You were on level 2 of the Abyss.
You visited 1 branch of the dungeon, and saw 10 of its levels.
You visited the Abyss 1 time.
You also visited: Bailey.

You collected 795 gold pieces.

Inventory:

Hand Weapons
 a - a +0 trident
 y - a +3 scythe of protection (weapon)
 N - the +9 long sword of Fixation {antimagic, rF+ rC- Will+++ rCorr}
   (You took it off a gnoll sergeant on level 9 of the Dungeon)

   rF:        It protects you from fire.
   rC:        It makes you vulnerable to cold.
   rCorr:     It protects you from acid and corrosion.
   Will:      It greatly increases your willpower.
Armour
 c - a +0 buckler
 e - a +0 pair of gloves (worn)
 r - a +0 helmet (worn)
 u - a +0 pair of boots (worn)
 D - a +0 plate armour (worn)
 I - a +8 chain mail of ponderousness
Jewellery
 j - a ring of see invisible
 x - an amulet of magic regeneration (around neck)
 B - a ring of flight (right hand)
 G - a +4 ring of protection (left hand)
 K - a ring of positive energy
Wands
 b - a wand of digging (3)
Scrolls
 g - 3 scrolls of blinking
 h - 3 scrolls of amnesia
 m - a scroll of enchant armour
 n - 6 scrolls of teleportation
 q - 3 scrolls of vulnerability
 t - a scroll of magic mapping
 E - a scroll of fear
 F - a scroll of silence
 H - a scroll of butterflies {unknown}
 J - a scroll of noise {unknown}
 L - a scroll of poison {unknown}
 M - a scroll of identify
Potions
 d - a potion of might
 f - 7 potions of heal wounds
 i - 2 potions of flight
 k - 4 potions of attraction
 l - 3 potions of curing
 o - 6 potions of magic
 p - 2 potions of brilliance
 s - a potion of berserk rage {unknown}
 v - 5 potions of lignification {unknown}
 w - 4 potions of haste
 z - 2 potions of mutation {unknown}
 A - a potion of cancellation {unknown}
 C - a potion of experience


   Skills:
 + Level 10.6 Fighting
 + Level 10.4 Polearms
 + Level 10.6 Armour
 - Level 4.0 Shields


You had 10 spell levels left.
You didn't know any spells.
Your spell library contained the following spells:

 Spells                   Type           Power      Damage    Failure   Level
 Freeze                   Ice            0%         1d3       99%         1
 Magic Dart               Conj           0%         1d3       99%         1
 Summon Small Mammal      Summ           0%         N/A       99%         1
 Blink                    Tloc           0%         N/A       100%        2
 Call Imp                 Summ           0%         N/A       100%        2
 Ensorcelled Hibernation  Hex/Ice        0%         N/A       100%        2
 Lesser Beckoning         Tloc           0%         N/A       100%        2
 Momentum Strike          Conj/Tloc      0%         3d8       100%        2
 Passwall                 Tmut/Erth      0%         N/A       100%        2
 Searing Ray              Conj           0%         2d4       100%        2
 Hailstorm                Conj/Ice       0%         3d3       100%        3
 Mephitic Cloud           Conj/Pois/Air  0%         N/A       100%        3
 Swiftness                Air            0%         N/A       100%        3
 Volatile Blastmotes      Fire/Tloc      0%         2d10      100%        3
 Animate Dead             Necr           0%         N/A       100%        4
 Fulminant Prism          Conj/Hex       0%         3d5       100%        4
 Ice Form                 Ice/Tmut       0%         N/A       100%        4
 Iskenderun's Mystic Bla  Conj/Tloc      0%         2d3       100%        4
 Manifold Assault         Tloc           0%         N/A       100%        4
 Borgnjor's Vile Clutch   Necr/Erth      0%         N/A       100%        5
 Lee's Rapid Deconstruct  Erth           0%         3d4*      100%        5
 Death Channel            Necr           0%         N/A       100%        6
 Simulacrum               Ice/Necr       0%         N/A       100%        6
 Storm Form               Tmut/Air       0%         N/A       100%        7


Dungeon Overview and Level Annotations

Branches:
Dungeon (10/15)            Temple (0/1) D:6            Lair (0/5) D:8
    Orc (0/2) D:9          Bailey (visited)

Shops:
D:2 (   D:6 :


Innate Abilities, Weirdness & Mutations

You have an increased reservoir of magic. (+10% MP)
You shall have no god before yourself.
Your divine heritage dramatically boosts your attributes as you level up.
[You have an uncontrollable temper.]
[Your body often deteriorates upon taking damage.]
[You are very dopey. (Int -4)]
[You frequently scream uncontrollably at your foes.]
[You are very weak. (Str -4)]
[You sometimes lose the ability to drink potions when taking damage.]


Message History

As you read the scroll of teleportation, it crumbles to dust.
You feel strangely unstable.
You feel the power of the Abyss delaying your translocation!
A chorus of shrieks assaults your mind.
The wretched star glows turbulently.
The lance of force hits you!
Your body deteriorates!
You feel clumsy.
You are knocked back by the lance of force.
You slam into the rock wall!
The wretched star pulses with an eldritch light!
You feel weaker. x2; You feel the urge to shout.
You feel a strong urge to scream.
A starcursed mass splits.
Unknown command.
You barely miss the wretched star.
The wretched star is almost destroyed.
A starcursed mass splits.
The green death gestures at you.
The bolt of poison hits the wretched star.
The wretched star completely resists.
The bolt of poison hits you!!
You are poisoned.
You feel threatened and lose the ability to drink potions!
* * * LOW HITPOINT WARNING * * *
The wretched star pulses with an eldritch light!
You feel a little pissed off.
You feel extremely angry at everything!
Unknown command.
You cannot drink potions in your current state!
Unknown command.
You cannot drink potions in your current state!
You cannot drink potions in your current state!
A red film seems to cover your vision as you go berserk!
You feel yourself moving faster!
You feel mighty!
You impale the wretched star!!
Your weapon exudes an aura of protection.
You destroy the wretched star!
* * * LOW HITPOINT WARNING * * *
You feel very sick. The green death gestures at you. The poison arrow hits you!
You are more poisoned.
You die...

# # .
. #. .
. * #.
. ....
. .
#..XX.
.#*..#
.
.....
###2.#
#@.# .
# .
#### .
. #


You could see 2 starcursed masses, a green death and a wretched star.

Vanquished Creatures
  An orc warlord (Bailey)
  A death yak (D:9)
  2 two-headed ogres
  2 thrashing horrors (Abyss:2)
  A wretched star (Abyss:2)
  An orc knight (D:10)
  A deep elf pyromancer (D:9)
  An ugly thing (D:9)
  2 trolls (D:10)
  Grinder (D:3)
  A slime creature (D:9)
  3 shadows
  A vampire (D:9)
  Sigmund (D:3)
  A wraith (D:9)
  A wyvern (D:7)
  An unseen horror simulacrum (D:9)
  13 yaks
  3 steam dragons
  An acid dragon (D:9)
  Edmund (D:6)
  12 orc warriors
  An ice beast (D:9)
  A boggart (D:9)
  A wolf (D:9)
  3 sky beasts (D:7)
  3 ogres
  2 centaurs
  6 phantoms
  3 kobold brigands
  4 bullfrogs
  3 gnoll sergeants
  4 scorpions
  4 wights (D:6)
  2 troll zombies (D:9)
  5 killer bees (D:10)
  An electric eel (D:9)
  6 howler monkeys
  5 hounds
  2 jellies
  5 orc priests
  A gnoll bouda (D:7)
  Ijyb (D:3)
  5 iguanas
  Terence (D:3)
  5 orc wizards
  6 ogre zombies (D:9)
  A centaur simulacrum (D:9)
  Robin (D:2)
  3 adders
  8 gnolls
  3 shadow imps
  5 white imps
  2 ufetubi
  3 worms
  32 orcs
  3 ball pythons
  7 endoplasms
  2 giant cockroaches
  25 goblins
  10 hobgoblins
  4 jackals (D:1)
  A quokka (D:3)
  11 bats
  2 frilled lizards (D:2)
  2 goblin zombies (D:9)
  2 hobgoblin skeletons (D:9)
  5 hobgoblin zombies (D:9)
  22 kobolds
  5 orc skeletons (D:9)
  7 orc zombies (D:9)
  2 rats (D:2)
300 creatures vanquished.

Vanquished Creatures (others)
  A goblin skeleton (D:9)
  A hobgoblin zombie (D:9)
  2 orc skeletons (D:9)
4 creatures vanquished.

Grand Total: 304 creatures vanquished

Notes
Turn   | Place    | Note
-------+----------+-------------------------------------------
     0 | D:1      | McKennaii the Demigod Fighter began the quest for the Orb.
     0 | D:1      | Reached XP level 1. HP: 18/18 MP: 3/3
   287 | D:1      | Reached XP level 2. HP: 25/25 MP: 4/4
   768 | D:2      | Reached XP level 3. HP: 30/31 MP: 5/5
  1338 | D:2      | Found Kyaganod's Weapon Emporium.
  1761 | D:3      | Noticed Robin
  1793 | D:2      | Killed Robin
  1838 | D:3      | Reached XP level 4. HP: 38/38 MP: 6/6
  1916 | D:3      | Noticed Terence
  1938 | D:3      | Killed Terence
  1994 | D:3      | Noticed Ijyb
  2011 | D:3      | Killed Ijyb
  2115 | D:3      | Noticed Grinder
  2134 | D:3      | Killed Grinder
  2135 | D:3      | Reached XP level 5. HP: 20/46 MP: 7/7
  2135 | D:3      | Reached XP level 6. HP: 22/52 MP: 8/8
  2395 | D:3      | Noticed Sigmund
  2434 | D:3      | Killed Sigmund
  2982 | D:4      | Reached XP level 7. HP: 60/60 MP: 9/9
  3048 | D:4      | Reached skill level 5 in Fighting
  3048 | D:4      | Reached skill level 5 in Armour
  3566 | D:5      | Entered Level 5 of the Dungeon
  4171 | D:5      | Reached skill level 5 in Polearms
  5033 | D:6      | Noticed Edmund
  5052 | D:6      | Killed Edmund
  5053 | D:6      | Reached XP level 8. HP: 59/69 MP: 10/10
  5094 | D:6      | Found a staircase to the Ecumenical Temple.
  5492 | D:6      | Found Waic's Book Shoppe.
  5633 | D:6      | Identified the +6 dagger of the Pits of Slime {heavy,
                  | Int+4}
  6507 | D:7      | Reached XP level 9. HP: 57/78 MP: 11/11
  6524 | D:7      | Identified the +0 robe "Plog" {Int+5}
  6551 | D:7      | HP: 2/79 [something/ball of steam (22)]
  7476 | D:8      | Noticed a two-headed ogre
  8123 | D:8      | Found a staircase to the Lair.
  8185 | D:8      | Killed a two-headed ogre
  8186 | D:8      | Reached XP level 10. HP: 90/90 MP: 13/13
  9105 | D:9      | Found a flagged portal.
  9329 | Bailey   | Entered a bailey
  9366 | Bailey   | Noticed an orc warlord
  9366 | Bailey   | Found the +3 hat of Pondering {ponderous, Will+ MP+10
                  | Int+5}
  9469 | Bailey   | Found a runed translucent gate.
  9472 | Bailey   | Found a runed translucent gate.
  9473 | Bailey   | Found a runed translucent gate.
  9951 | Bailey   | Killed an orc warlord
 10132 | D:9      | Found a staircase to the Orcish Mines.
 10446 | D:9      | Identified the +9 long sword of Fixation {antimagic, rF+
                  | rC- Will+++ rCorr}
 10658 | D:9      | Noticed a death yak
 10703 | D:9      | Killed a death yak
 11202 | D:10     | Entered Level 10 of the Dungeon
 11220 | D:10     | Reached XP level 11. HP: 97/97 MP: 14/14
 11238 | D:10     | Noticed a deep elf pyromancer
 11240 | D:10     | Noticed a catoblepas
 11242 | D:10     | Noticed an orc knight
 11324 | D:9      | Killed a deep elf pyromancer
 11490 | D:10     | Reached skill level 10 in Fighting
 11496 | D:10     | Reached skill level 10 in Armour
 11666 | D:10     | Noticed a two-headed ogre
 11858 | D:8      | Got Sif Muna's Volume of the Winter
 11860 | D:8      | Got Sif Muna's Essays on Adjuration
 11986 | D:10     | Identified the +11 falchion of the Dwarven Hall {drain,
                  | rElec Dex+2}
 11986 | D:10     | Noticed a tengu warrior
 12116 | D:10     | Killed an orc knight
 12117 | D:10     | Reached skill level 10 in Polearms
 12135 | D:10     | Noticed a two-headed ogre
 12155 | D:10     | Killed a two-headed ogre
 12369 | D:10     | Identified the +2 glaive "Jybriski" {distort, Fly rElec
                  | rF++ Str-5}
 12369 | D:10     | Noticed an orc knight
 12374 | Abyss:2  | Cast into level 2 of the Abyss (orc knight)
 12494 | Abyss:2  | Noticed a thrashing horror
 12501 | Abyss:2  | Killed a thrashing horror
 12503 | Abyss:2  | Noticed a thrashing horror
 12510 | Abyss:2  | Noticed a wretched star
 12514 | Abyss:2  | Killed a thrashing horror
 12519 | Abyss:2  | Noticed a green death
 12524 | Abyss:2  | Noticed a starcursed mass
 12524 | Abyss:2  | Noticed a wretched star
 12527 | Abyss:2  | HP: 3/101 [green death/bolt of poison (30)]
 12528 | Abyss:2  | Killed a wretched star
 12528 | Abyss:2  | HP: 1/151 [poisoned by a green death (bolt of poison)]
 12528 | Abyss:2  | Killed from afar by a green death

Illustrated notes

Levels and vault maps discovered:
D:1:      dpeg_arrival_ternary, layout_loops_ring
D:2:      layout_basic, basic_altar, serial_shops,
          nicolae_shop_advertising_works [nicolae_subvault_shop_adworks]
D:3:      layout_rooms, mainiacjoe_overflow_paths,
          dreamdust_ecumenical_altar_statues, kennysheep_generic_room_5,
          uniq_grinder, uniq_ijyb, uniq_robin, uniq_terence, uniq_sigmund
D:4:      layout_basic, lemuel_round_altar
D:5:      layout_layer_cave, nicolae_overflow_two_pavilions
D:6:      layout_loops_corners, minmay_temple_entry_ruins, serial_shops, shop,
          minmay_misc_feat_rows, uniq_edmund
D:7:      hangedman_cross_stitches, layout_basic
D:8:      layout_layer_cave, nicolae_sif_muna_little_library, dpeg_oklobed_lair,
          minmay_hedge_maze
D:9:      layout_basic, zombieorc2_lemuel, enter_bailey_3, serial_ice,
          serial_ice_l, serial_ice_a, serial_ice_c, serial_ice_e, serial_ice_b,
          serial_ice_h, nrook_mini_backslash, kennysheep_just_a_vault
D:10:     minmay_the_grid_octo_tiled_octocenter [minmay_the_grid_octo_clover_2,
          minmay_the_grid_octo_concentric, minmay_the_grid_octo_fat_diamond,
          minmay_the_grid_octo_fan_narrow, minmay_the_grid_octo_prize_big_c,
          minmay_the_grid_square_5x5_six, minmay_the_grid_square_5x5_three,
          minmay_the_grid_square_5x5_n_small,
          minmay_the_grid_square_5x5_checkered_sparse], layout_rooms,
          mainiacjoe_overflow_chevrons
Abyss:2:  base:
D:4

Skill      XL: |  1  2  3  4  5  6  7  8  9 10 11 |
---------------+----------------------------------+-----
Polearms       | 2 3 4 5 6 8 9 10 | 10.4
Shields        | 3 4 |  4.0
Armour         | 3 4 5 6 8 9 10 | 10.6
Fighting       | 3 4 5 6 8 9 10 | 10.6

Action                     |  1- 3 |  4- 6 |  7- 9 | 10-12 || total
---------------------------+-------+-------+-------+-------++-------
  Melee: Trident           |   143 |    85 |       |       ||   228
         Halberd           |       |    33 |   383 |   549 ||   965
  Throw: Throwing net      |       |       |     1 |       ||     1
  Evoke: Wand              |       |       |     2 |     5 ||     7
    Use: Potion            |       |     1 |     2 |     2 ||     5
         Scroll            |       |       |       |    13 ||    13
   Stab: Held in net/web   |       |       |     1 |       ||     1
 Armour: Scale mail        |    61 |    10 |       |       ||    71
         Chain mail        |       |    52 |   164 |   234 ||   450
         Plate armour      |       |       |    25 |   192 ||   217
  Dodge: Dodged            |    49 |    44 |   126 |   191 ||   410
  Block: Buckler           |    22 |     8 |       |       ||    30
